AoeStats
← KOSOVAR

Arabia

508479426Analyzed
1v1 RM · 11d ago on Sep 22, 2026· 32m 43s· 2 players
Game mode
Random Map
Map size
Tiny (2 player)
Population
200
Speed
Normal
Resources
Standard
Victory
Conquest
Starting age
Dark Age
Ending age
Imperial Age
RankedLock teamsTeams togetherTeam positionsShared explorationLock speedFull tech treeHidden civsTurbo modeCheats
Victory
Defeat
🇺🇸 Portuguese · United States
580
+20
🇪🇸 Magyars · Spain
676
-20
Eluniko702
0:52 Loom
13:18 Feudal Age
14:59 Wheelbarrow
14:28 Man-at-Arms
15:44 Horse Collar
17:06 Arson
19:21 Bloodlines
20:55 Gold Mining
21:24 Double-Bit Axe
22:20 Town Watch
23:28 Scale Mail Armor
27:32 Castle Age
27:02 Scale Barding Armor
26:57 Padded Archer Armor
26:48 Fletching
27:09 Forging
29:24 Chain Barding Armor
29:21 Hand Cart
30:13 Leather Archer Armor
30:23 Husbandry
31:56 Caravan
33:22 Town Patrol
KOSOVAR
7:02 Loom
11:44 Feudal Age
12:11 Double-Bit Axe
19:57 Fletching
24:44 Castle Age
25:50 Bloodlines
25:39 Bodkin Arrow
26:52 Bow Saw
Connection lost

Rejoining the realm…

Still unreachable

The connection could not be restored.

Session expired

The server has moved on; the page needs a fresh start.